 Dungeon Crawl Stone Soup version 0.31.0-11-ge490571c62 (webtiles) character file.

Game seed: 8338194047770389497

641 stipulation the Grave Robber (level 7, -2/32 HPs)
             Began as a Vine Stalker Necromancer on Feb 9, 2024.
             Slain by a gnoll
             ... wielding a +0 spear
             ... led by a gnoll bouda
              (4 damage)
             ... on level 5 of the Dungeon.
             The game lasted 00:08:41 (4526 turns).

stipulation the Grave Robber (VSNe)                 Turns: 4526, Time: 00:08:41

Health: -2/32      AC:  5    Str: 11    XL:     7   Next: 51%
Magic:  0/17       EV: 12    Int: 17    God:
Gold:   254        SH:  0    Dex: 14    Spells: 10/18 levels left

rFire   . . .        e - +0 dagger
rCold   . . .        (no shield)
rNeg    . . .        p - +1 robe {Will+}
rPois   .            h - +0 helmet
rElec   .            i - +0 cloak
rCorr   .            (no gloves)
SInv    .            (no boots)
Will    +....        (no amulet)
Stlth   ++           (no ring)
HPRegen 1.05/turn    (no ring)
MPRegen 0.15/turn

%: guardian spirit
@: weakened
A: fangs 2, regeneration 1, magic shield, antimagic bite, no potion heal 2
a: no special abilities


You were on level 5 of the Dungeon.
You visited 1 branch of the dungeon, and saw 5 of its levels.

You collected 254 gold pieces.

Inventory:

Hand Weapons
 c - a +0 club
 e - a +0 dagger (weapon)
Armour
 a - a +0 robe
 h - a +0 helmet (worn)
 i - a +0 cloak (worn)
 m - an orb of guile
 p - a +1 robe of willpower (worn)
Jewellery
 f - a +6 ring of dexterity
 n - a ring of flight
 v - an amulet of magic regeneration
 w - a ring of protection from cold
Scrolls
 d - 4 scrolls of teleportation
 g - a scroll of revelation
 o - a scroll of blinking {unknown}
 q - a scroll of enchant weapon {unknown}
 u - a scroll of fear {unknown}
Potions
 b - 3 potions of magic
 j - 3 potions of might
 k - 3 potions of enlightenment
 l - 2 potions of heal wounds
 r - 3 potions of haste
 s - a potion of degeneration
 t - a potion of curing {unknown}


   Skills:
 - Level 1.5 Dodging
 - Level 2.4 Stealth
 + Level 6.0 Spellcasting
 + Level 6.9 Necromancy


You had 10 spell levels left.
You knew the following spells:

 Your Spells              Type           Power      Damage    Failure   Level
a - Necrotise             Necr           100%       1d9       1%          1
b - Vampiric Draining     Necr           28%        2d8       2%          3
c - Animate Dead          Necr           28%        N/A       8%          4

Your spell library contained the following spells:

 Spells                   Type           Power      Damage    Failure   Level
 Foxfire                  Conj/Fire      20%        2x1d5     13%         1
 Curse of Agony           Necr           28%        N/A       21%         5
 Dazzling Flash           Conj/Hex       10%        N/A       36%         3
 Mephitic Cloud           Conj/Alch/Air  5%         N/A       36%         3
 Silence                  Hex/Air        2%         N/A       98%         5
 Plasma Beam              Fire/Air       2%         2x1d12    100%        6
 Starburst                Conj/Fire      2%         6d3       100%        6


Dungeon Overview and Level Annotations

Branches:
Dungeon (5/15)
 Temple: D:4-7

Altars:
Makhleb
Trog


Innate Abilities, Weirdness & Mutations

You have extremely sharp teeth.
Your natural rate of healing is unusually fast.
When hurt, damage is shared between your health and your magic reserves.
Your bite disrupts and absorbs the magic of your enemies.
Potions cannot restore your health.


Message History

The water moccasin misses you.
You barely miss the water moccasin.
The water moccasin is heavily wounded.
The water moccasin bites you. The water moccasin closely misses you.
The gnoll bouda barks out a call to the hunt!
The gnoll picks up the pace!
A gnoll comes into view. It is wielding a +0 spear.
The gnoll shouts!
Casting: Necrotise (safe; 1% risk of failure)
Confirm with . or Enter, or press ? or * to list all spells.
Aiming: Vampiric Draining (dangerous; 2% risk of failure)
Press: ? - help, Shift-Dir - straight line, f/p - water moccasin
Aim: a water moccasin (heavily wounded)
You draw life force from the water moccasin!
You feel life coursing into your body. The water moccasin misses you.
The gnoll bouda hits you with a +0 club!
You hit the water moccasin. Your bite misses the water moccasin.
The water moccasin is severely wounded.
The water moccasin misses you.
A gnoll comes into view. It is wielding a +0 spear.
The gnoll hits you from afar with a +0 spear.
The gnoll bouda gazes fiercely through you!
You feel your attacks grow feeble.
The gnoll bouda hits you but does no damage.
The water moccasin bites you.
You barely miss the water moccasin.
The water moccasin is severely wounded.
The gnoll hits you from afar with a +0 spear.
The water moccasin misses you.
The gnoll hits you from afar with a +0 spear!
The gnoll bouda hits you with a +0 club.
You miss the water moccasin.
You bite the water moccasin, but do no damage.
The water moccasin is severely wounded.
The gnoll hits you from afar with a +0 spear!
* * * LOW HITPOINT WARNING * * *
The water moccasin bites you.
* * * LOW HITPOINT WARNING * * *
The gnoll hits you from afar with a +0 spear.
You die...

#.#...##...#...#
#####.#...##..#..#.#.#
#............#.....#.#
##.#.#.#.......[#
#.......##...#.##
##.#..#.##.$....#
##.#..†..#.....#
##..#...gg....#
##....@Sg....+
###.###g....# ###
....# ...+ ..# .# +


You could see a water moccasin, a gnoll bouda and 3 gnolls.

Vanquished Creatures
  A phantom (D:5)
  Blork the orc (D:5)
  2 scorpions (D:5)
  A gnoll bouda (D:4)
  A hound (D:5)
  A sleepcap (D:5)
  Jessica (D:3)
  An iguana (D:5)
  2 adders
  12 gnolls
  A shadow imp (D:4)
  2 dart slugs
  5 ribbon worms
  3 orcs (D:4)
  2 bats
  7 endoplasms
  5 giant cockroaches
  9 goblins
  7 hobgoblins
  4 jackals (D:1)
  3 quokkas (D:1)
  9 ball pythons
  2 frilled lizards (D:3)
  8 kobolds
  10 rats
100 creatures vanquished.

Vanquished Creatures (collateral kills)
  An orc (D:4)
1 creature vanquished.

Grand Total: 101 creatures vanquished

Notes
Turn   | Place    | Note
-------+----------+-------------------------------------------
     0 | D:1      | stipulation the Vine Stalker Necromancer began the quest
                  | for the Orb.
     0 | D:1      | Reached XP level 1. HP: 9/9 MP: 4/4
   124 | D:1      | Reached XP level 2. HP: 10/13 MP: 4/6
   323 | D:1      | Reached XP level 3. HP: 16/16 MP: 8/8
   792 | D:1      | Learned a level 3 spell: Vampiric Draining
   853 | D:2      | Found a faded altar of an unknown god.
  1633 | D:3      | Reached XP level 4. HP: 21/21 MP: 10/10
  1669 | D:3      | Noticed Jessica
  1697 | D:3      | Killed Jessica
  1698 | D:3      | Reached skill level 5 in Necromancy
  1919 | D:3      | Learned a level 4 spell: Animate Dead
  1946 | D:3      | Noticed a moth of wrath
  1949 | D:3      | Found a bloodstained altar of Trog.
  2192 | D:3      | Reached XP level 5. HP: 21/24 MP: 5/11
  2566 | D:3      | Found a burning altar of Makhleb.
  3567 | D:4      | Reached XP level 6. HP: 28/28 MP: 5/13
  3876 | D:5      | Entered Level 5 of the Dungeon
  3976 | D:5      | Noticed Blork the orc
  3983 | D:5      | Killed Blork the orc
  3984 | D:5      | Reached skill level 5 in Spellcasting
  4293 | D:5      | Reached XP level 7. HP: 32/32 MP: 8/16
  4526 | D:5      | Slain by a gnoll

Illustrated notes

Levels and vault maps discovered:
D:1:      evilmike_arrival_crescent, layout_loops_ring
D:2:      layout_loops_ring, shapermc_ecumenical_altar_mp_ritualfount
D:3:      layout_loops_ring, lightli_temple_of_fire, tgw_trog, uniq_jessica
D:4:      layout_gridville
D:5:      layout_loops_corners, nicolae_overflow_hidden_temple,
          mainiacjoe_overflow_24_doors, lemuel_crystal_altar,
          mainiacjoe_sewer_entry_somewhere_in_here_1, hangedman_decor_opposing,
          uniq_menkaure, uniq_blork_the_orc

Skill      XL: |  1  2  3  4  5  6  7 |
---------------+----------------------+-----
Spellcasting   | 3 4 5 6 |  6.0
Necromancy     | 5 6 |  6.9
Dodging        | |  1.5
Stealth        | |  2.4

Action                     |  1- 3 |  4- 6 |  7- 9 || total
---------------------------+-------+-------+-------++-------
  Melee: Unarmed           |    42 |       |       ||    42
         Bite              |    43 |    30 |    12 ||    85
         Dagger            |   106 |    96 |    44 ||   246
         Club              |     3 |       |       ||     3
         Punch             |     1 |       |       ||     1
   Cast: Necrotise         |    11 |    95 |    18 ||   124
         Vampiric Draining |       |     7 |     4 ||    11
    Use: Scroll            |       |     7 |       ||     7
   Stab: Sleeping          |     9 |       |       ||     9
 Armour: Robe              |    71 |    80 |    30 ||   181
  Dodge: Dodged            |    92 |    72 |    33 ||   197
